 Seeded DCSS version 0.31-a0-210-gccc998df9b (webtiles) character file.

Game seed: 8113056780134302019 (custom seed)

3636 innerfire43 the Skirmisher (level 9, -23/75 HPs)
             Began as a Demonspawn Monk on June 30, 2023.
             Was a Priest of Kikubaaqudgha.
             Annihilated by an orc knight
             ... wielding a +0 trident
              (24 damage)
             ... in a bailey.
             The game lasted 00:07:54 (5720 turns).

innerfire43 the Skirmisher (Demonspawn Monk)        Turns: 5720, Time: 00:07:55

Health: -23/75     AC:  8    Str: 17    XL:     9   Next: 87%
Magic:  9/9        EV: 13    Int: 11    God:    Kikubaaqudgha [***...]
Gold:   325        SH:  0    Dex: 15    Spells: 8/8 levels left

rFire   + . .        q - +7 shortbow (elec)
rCold   . . .        (shield currently unavailable)
rNeg    . . .        v - +1 robe {Will+}
rPois   .            g - +0 helmet
rElec   .            o - +0 cloak
rCorr   .            (no gloves)
SInv    +            y - +0 pair of boots
Will    +....        (no amulet)
Stlth   +            l - ring of protection from fire
HPRegen 0.32/turn    k - ring of see invisible
MPRegen 0.11/turn

%: no passive effects
@: no status effects
A: thin metallic scales 1, demonic guardian 1, powered by death 1, demonic touch
2
a: Renounce Religion, Unearth Wretches


You were in a bailey.
You worshipped Kikubaaqudgha.
Kikubaaqudgha was most pleased with you.
You visited 1 branch of the dungeon, and saw 7 of its levels.
You also visited: Bailey.

You collected 407 gold pieces.
You spent 82 gold pieces at shops.

Inventory:

Hand Weapons
 a - a +0 spear
 q - a +7 shortbow of electrocution (weapon)
Armour
 b - a +0 robe
 d - an orb of light
 e - the +1 cloak of the Camelopard {Str+7}
   (You acquired it on level 1 of the Dungeon)

   Str:       It affects your strength (+7).
 g - a +0 helmet (worn)
 j - a +0 tower shield
 o - a +0 cloak (worn)
 v - a +1 robe of willpower (worn)
 y - a +0 pair of boots (worn)
Jewellery
 k - a ring of see invisible (right hand)
 l - a ring of protection from fire (left hand)
 m - a ring of ice
 B - a +6 ring of intelligence
 C - a ring of positive energy
Wands
 G - a wand of polymorph (2)
 H - a wand of roots (8)
Scrolls
 f - 3 scrolls of vulnerability {unknown}
 h - 2 scrolls of identify {unknown}
 i - 6 scrolls of teleportation {unknown}
 p - 2 scrolls of fog
 s - a scroll of torment {unknown}
 z - a scroll of fear {unknown}
 A - 2 scrolls of revelation {unknown}
 F - a scroll of blinking
 J - a scroll of amnesia
 K - a scroll of noise {unknown}
Potions
 c - a potion of ambrosia
 n - a potion of degeneration {unknown}
 r - 2 potions of heal wounds
 t - a potion of attraction {unknown}
 u - a potion of enlightenment {unknown}
 w - 4 potions of resistance {unknown}
 x - 4 potions of haste {unknown}
 D - a potion of curing {unknown}
 E - 2 potions of lignification {unknown}
 I - 2 potions of mutation {unknown}
 L - 3 potions of might {unknown}
 M - 2 potions of cancellation {unknown}
 N - a potion of brilliance {unknown}
 O - 2 potions of invisibility {unknown}


   Skills:
 + Level 8.9 Fighting
 - Level 3.3 Polearms
 * Level 10.1 Ranged Weapons
 - Level 3.4 Dodging


You had 8 spell levels left.
You didn't know any spells.
Your spell library contained the following spells:

 Spells                   Type           Power      Damage    Failure   Level
 Necrotise                Necr           0%         1d4       34%         1
 Slow                     Hex            0%         N/A       34%         1
 Ensorcelled Hibernation  Hex/Ice        0%         N/A       47%         2
 Poisonous Vapours        Pois/Air       0%         N/A       47%         2
 Sublimation of Blood     Necr           0%         N/A       47%         2
 Confusing Touch          Hex            0%         N/A       71%         3
 Mephitic Cloud           Conj/Pois/Air  0%         N/A       71%         3
 Spider Form              Tmut/Pois      0%         N/A       71%         3
 Vampiric Draining        Necr           0%         2d6       71%         3
 Anguish                  Hex/Necr       0%         N/A       98%         4
 Animate Dead             Necr           0%         N/A       98%         4
 Dispel Undead            Necr           0%         3d6       98%         4
 Borgnjor's Vile Clutch   Necr/Erth      0%         N/A       100%        5
 Freezing Cloud           Conj/Ice/Air   0%         6-21      100%        5
 Death Channel            Necr           0%         N/A       100%        6
 Simulacrum               Ice/Necr       0%         N/A       100%        6


Dungeon Overview and Level Annotations

Branches:
Dungeon (7/15)             Temple (0/1) D:6          Bailey (1/1)

Altars:
Ashenzari
Hepliaklqana
Kikubaaqudgha
Vehumet
Wu Jian

Shops:
D:1 ?


Innate Abilities, Weirdness & Mutations

You are partially covered in thin metallic scales. (AC +2)
A weak demonic guardian rushes to your aid.
You regenerate a little health from kills.
Your touch may inflict irresistible damage on your foes.


Message History

You shoot an arrow. The arrow hits the orc knight.
The orc knight is moderately wounded.
The orc knight roars a battlecry!
The orc knight goes into a battle-frenzy!
The orc knight barely misses you.
You shoot an arrow.
The arrow hits the orc knight but does no damage.
The orc knight is moderately wounded.
The orc knight hits you from afar with a +0 trident!!
You shoot an arrow. The arrow hits the orc knight.
Lightning courses through the orc knight!
The orc knight is heavily wounded.
The orc knight hits you but does no damage.
You shoot an arrow. The arrow hits the orc knight.
The orc knight is heavily wounded.
The orc knight hits you from afar with a +0 trident!
You shoot an arrow. The arrow barely misses the orc knight.
You shoot an arrow. The arrow misses the orc knight.
The orc knight hits you from afar with a +0 halberd!
A demonic guardian appears!
The orc knight roars a battlecry!
The orc knight goes into a battle-frenzy!
You feel much better.
The orc knight hits you from afar with a +0 halberd!
The orc knight hits you from afar with a +0 trident!
Your shadow imp hits the orc knight but does no damage.
You are too injured to fight recklessly!
You feel much better.
The orc knight hits you from afar with a +0 halberd!
* * * LOW HITPOINT WARNING * * *
The orc knight hits you from afar with a +0 trident!
* * * LOW HITPOINT WARNING * * *
Your shadow imp hits the orc knight.
You feel much better.
The orc knight hits you from afar with a +0 halberd!!!
Ouch! That really hurt!
* * * LOW HITPOINT WARNING * * *
The orc knight hits you from afar with a +0 trident!!
You die...
Kikubaaqudgha rasps: "You have failed me!
Welcome... death!"

#.....#
##)''##
##)))..##
#...))..#
#.)#.#..#
#.......#
#.......#
#.......#
##@....##
#'''''#
#oo5..#
.......#
.).....#
#.......#
#.......#
#.......#


You could see 2 orc knights and a friendly shadow imp (summoned).

Vanquished Creatures
  Grinder (D:3)
  Sigmund (D:6)
  A wyvern (D:7)
  A water moccasin (D:5)
  2 black bears
  6 orc warriors (Bailey)
  3 ice beasts
  2 sky beasts
  2 ogres (D:5)
  A gnoll sergeant (D:6)
  A scorpion (D:6)
  13 wights
  3 howler monkeys
  2 jellies
  A hound (D:5)
  A gnoll bouda (D:7)
  8 iguanas
  13 gnolls
  11 adders
  A shadow imp (D:7)
  A white imp (D:6)
  An ufetubus (D:5)
  3 worms
  4 dart slugs
  26 orcs
  9 ball pythons
  10 bats
  6 endoplasms
  5 giant cockroaches
  11 goblins
  A hobgoblin (D:3)
  6 kobolds
  2 quokkas
  A frilled lizard (D:3)
  3 rats
163 creatures vanquished.

Vanquished Creatures (collateral kills)
  A hound (D:6)
  An orc (Bailey)
2 creatures vanquished.

Grand Total: 165 creatures vanquished

Notes
Turn   | Place    | Note
-------+----------+-------------------------------------------
     0 | D:1      | innerfire43 the Demonspawn Monk began the quest for the
                  | Orb.
     0 | D:1      | Reached XP level 1. HP: 18/18 MP: 1/1
    44 | D:1      | Gained mutation: Your touch may inflict minor irresistible
                  | damage on your foes. [demonic ancestry]
    44 | D:1      | Reached XP level 2. HP: 14/24 MP: 2/2
   106 | D:1      | Identified a scroll of acquirement
   106 | D:1      | Acquired the +1 cloak of the Camelopard {Str+7}
   253 | D:1      | Reached XP level 3. HP: 24/29 MP: 3/3
   336 | D:1      | Found Ponycs's Magic Scroll Shop.
   696 | D:2      | Gained mutation: You are partially covered in thin metallic
                  | scales. (AC +2) [demonic ancestry]
   696 | D:2      | Reached XP level 4. HP: 35/37 MP: 4/4
   781 | D:2      | Acquired a +5 shortbow of electrocution
  1686 | D:3      | Reached skill level 1 in Ranged Weapons
  1864 | D:3      | Noticed Grinder
  1864 | D:3      | Paralysed by Grinder for 4 turns
  1872 | D:3      | Killed Grinder
  1873 | D:3      | Reached skill level 3 in Ranged Weapons
  1873 | D:3      | Gained mutation: Your touch may inflict irresistible damage
                  | on your foes. [demonic ancestry]
  1873 | D:3      | Reached XP level 5. HP: 41/43 MP: 5/5
  1873 | D:3      | Reached XP level 6. HP: 47/49 MP: 6/6
  2020 | D:1      | Bought a scroll of enchant weapon for 82 gold pieces
  2856 | D:4      | Found an ancient bone altar of Kikubaaqudgha.
  2893 | D:4      | Became a worshipper of Kikubaaqudgha
  2893 | D:4      | Reached * piety under Kikubaaqudgha
  2893 | D:4      | Received a gift from Kikubaaqudgha
  2893 | D:4      | Reached ** piety under Kikubaaqudgha
  2955 | D:4      | Reached skill level 5 in Fighting
  3349 | D:5      | Entered Level 5 of the Dungeon
  3354 | D:5      | Reached skill level 4 in Ranged Weapons
  3384 | D:5      | Noticed a water moccasin
  3388 | D:5      | Killed a water moccasin
  3389 | D:5      | Gained mutation: A weak demonic guardian rushes to your
                  | aid. [demonic ancestry]
  3389 | D:5      | Reached XP level 7. HP: 47/56 MP: 7/7
  3446 | D:5      | Reached skill level 5 in Ranged Weapons
  3568 | D:5      | Found a hazy altar of Hepliaklqana.
  3717 | D:5      | Reached skill level 6 in Ranged Weapons
  3717 | D:5      | Gained mutation: You regenerate a little health from kills.
                  | [demonic ancestry]
  3717 | D:5      | Reached XP level 8. HP: 64/64 MP: 8/8
  4046 | D:6      | Reached skill level 7 in Ranged Weapons
  4137 | D:6      | Found a radiant altar of Vehumet.
  4250 | D:6      | Noticed Sigmund
  4251 | D:6      | Killed Sigmund
  4346 | D:6      | Reached skill level 8 in Ranged Weapons
  4354 | D:6      | Reached XP level 9. HP: 68/72 MP: 9/9
  4359 | D:6      | Reached *** piety under Kikubaaqudgha
  4359 | D:6      | Received a gift from Kikubaaqudgha
  4422 | D:6      | Found a staircase to the Ecumenical Temple.
  5032 | D:7      | Found a broken altar of Ashenzari.
  5144 | D:7      | Reached skill level 9 in Ranged Weapons
  5220 | D:7      | Found a flagged portal.
  5258 | D:7      | Found an ornate altar of the Wu Jian Council.
  5462 | Bailey   | Entered a bailey
  5701 | Bailey   | Reached skill level 10 in Ranged Weapons
  5705 | Bailey   | Noticed an orc knight
  5709 | Bailey   | Noticed an orc knight
  5720 | Bailey   | HP: 1/75 [orc knight/+0 halberd (38)]
  5720 | Bailey   | Annihilated by an orc knight

Illustrated notes

Levels and vault maps discovered:
D:1:      roderic_crossed_star, layout_rooms, serial_shops, nicolae_diamond_shop
D:2:      layout_loops_cross
D:3:      layout_basic, uniq_grinder
D:4:      layout_basic, zin_academy, kennysheep_mini
D:5:      layout_basic, kennysheep_mini_moat, grunt_decor_one_mirror,
          kennysheep_generic_room_9
D:6:      layout_loops_ring, vehumet_crystals, minmay_temple_entry_stoned_glass,
          uniq_sigmund
D:7:      layout_rooms, evilmike_ruin_ashenzari, lemuel_coloured_pillars_altar,
          enter_bailey_5
Bailey:   bailey_polearm_5, bailey

Skill      XL: |  1  2  3  4  5  6  7  8  9 |
---------------+----------------------------+-----
Polearms       | 3 |  3.3
Dodging        | 3 |  3.4
Ranged Weapons | 3 4 6 8 10 | 10.1
Fighting       | 4 5 6 7 8 |  8.9

Action                     |  1- 3 |  4- 6 |  7- 9 || total
---------------------------+-------+-------+-------++-------
  Melee: Spear             |   107 |     3 |       ||   110
   Fire: Shortbow          |       |    94 |   278 ||   372
 Invoke: Unearth Wretches  |       |       |     1 ||     1
    Use: Scroll            |     1 |     6 |       ||     7
         Potion            |       |       |     4 ||     4
 Armour: Robe              |    39 |     9 |    23 ||    71
  Dodge: Dodged            |    70 |    17 |    97 ||   184

Table legend: (Time is in decaauts)
 A = Elapsed time spent in this place.
 B = Non-inter-level travel time spent in this place.
 C = Inter-level travel time spent in this place.
 D = Time resting spent in this place.
 E = Time spent auto-exploring this place.
 F = Levels seen in this place.
 G = Mean time per level.
                   A        B        C        D        E       F      G
               +--------+--------+--------+--------+--------+-----+--------+
         Total |   5743 |   4946 |    797 |      0 |   4067 |   8 |  717.9 |
       Dungeon |   5492 |   4695 |    797 |      0 |   3893 |   7 |  784.6 |
        Bailey |    251 |    251 |      0 |      0 |    174 |   1 |  251.0 |
               +--------+--------+--------+--------+--------+-----+--------+

Top non-repeatable levels by time:
     D:4: 1044 daAuts
     D:2: 971 daAuts
     D:6: 813 daAuts
     D:1: 759 daAuts
     D:5: 688 daAuts
     D:7: 620 daAuts
     D:3: 594 daAuts
  Bailey: 251 daAuts
